Map: Orbital Shipyard

Players

ILLBdA

  • Race: Protoss Protoss
  • League: Diamond

을록 - Winner!

  • Race: Terran Terran
  • League: Diamond

VOD

Have the link to the VOD?

Description

Time

  • Played on: Dec. 15, 2015, 11:02 p.m.
  • Length: 8:02
Show
View Real Time Build Order
Export as new Build Order

ILLBdA Protoss 

Build Orders:  

Get SALT Encoding   

  12  0:01  Probe (Chrono Boost)  
  13  0:11  Probe (Chrono Boost)  
  14  0:19  Pylon  
  14  0:23  Probe (Chrono Boost)  
  15  0:37  Probe (Chrono Boost)  
  15  0:41  Pylon  
  16  0:48  Probe (Chrono Boost)  
  17  1:00  Gateway  
  17  1:01  Gateway  
  17  1:05  Gateway  
  17  1:10  Assimilator  
  18  1:11  Probe (Chrono Boost)  
  18  1:22  Probe (Chrono Boost)  
  19  1:32  Probe (Chrono Boost)  
  20  1:43  Probe (Chrono Boost)  
  20  1:46  Gateway  
  21  1:49  Cybernetics Core  
  21  1:53  Zealot (Chrono Boost)  
  21  1:54  Zealot (Chrono Boost)  
  24  2:18  Assimilator  
  24  2:21  Pylon  
  24  2:25  Adept (Chrono Boost)  
  24  2:27  Adept (Chrono Boost)  
  28  2:41  Mothership Core (Chrono Boost)  
  30  2:50  Adept  
  32  2:52  Adept  
  34  3:10  Probe (Chrono Boost)  
  35  3:16  Pylon  
  35  3:17  Stalker, Pylon  
  35  3:18  Pylon  
  37  3:21  Warp Gate  
  33  3:34  Stalker  
  35  3:47  Stalker  
  37  4:04  Stalker  
  37  4:17  Adept  
  37  4:24  Stargate  
  39  4:34  Stalker  
  41  4:44  Adept  
  39  5:09  Pylon  
  37  5:15  Probe  
  37  5:17  Pylon  
  38  5:28  Oracle (Chrono Boost)  
  41  5:29  Pylon  
  41  5:30  Pylon  
  41  5:45  Twilight Council  
  41  5:47  Stalker x3  
  44  6:13  Stalker  
  44  6:14  Stalker x2  
  45  6:58  Stalker  
  47  7:06  Stalker  
  49  7:19  Stalker  
  45  7:41  Stalker  
Show
View Real Time Build Order
Export as new Build Order

을록 Terran - Winner!

Build Orders: Reaper Expand 

Get SALT Encoding   

  12  0:01  SCV  
  13  0:13  SCV  
  14  0:18  Supply Depot  
  14  0:25  SCV  
  15  0:39  SCV  
  15  0:40  Barracks  
  16  0:44  Refinery  
  16  0:51  SCV  
  17  1:03  SCV  
  18  1:16  SCV  
  19  1:28  Reaper, Orbital Command  
  20  1:40  Command Center  
  21  1:54  SCV  
  21  1:59  Supply Depot  
  21  2:00  Barracks Reactor  
  21  2:06  SCV  
  21  2:07  Refinery  
  22  2:20  Bunker  
  21  2:26  SCV  
  22  2:35  Factory  
  22  2:36  Marine  
  22  2:37  Marine  
  23  2:38  SCV  
  23  2:42  Bunker  
  25  2:50  SCV  
  26  2:54  Marine  
  27  2:59  Supply Depot  
  27  3:07  Marine  
  27  3:10  SCV  
  27  3:12  Marine  
  30  3:18  Factory Tech Lab  
  30  3:22  SCV  
  30  3:25  Marine  
  32  3:30  Marine  
  31  3:38  Siege Tank  
  31  3:40  Starport  
  34  3:48  Marine x2  
  35  3:52  Orbital Command  
  35  3:54  SCV  
  36  4:10  SCV  
  36  4:13  Liberator  
  37  4:17  Marine  
  38  4:30  Marine  
  38  4:31  Supply Depot, Cyclone  
  38  4:57  SCV  
  38  4:58  SCV  
  40  5:09  SCV  
  40  5:12  Marine x2  
  43  5:20  SCV  
  44  5:21  SCV  
  45  5:30  Marine x2  
  47  5:38  Siege Tank  
  50  5:43  Viking  
  52  5:50  Supply Depot  
  52  5:55  Marine  
  52  5:56  Marine  
  52  6:24  Marine x2  
  52  6:36  Siege Tank  
  52  6:38  SCV  
  56  6:41  SCV  
  57  6:50  SCV  
  57  6:53  SCV, Medivac  
  61  6:57  Supply Depot  
  61  7:02  SCV  
  62  7:11  Barracks  
  62  7:12  Barracks  
  62  7:18  Marine x2  
  62  7:19  SCV  
  65  7:25  Siege Tank  
  65  7:26  Medivac  
  70  7:42  Marine x2  
  70  7:43  SCV  
  73  7:46  Bunker  
  73  7:47  Bunker  
  73  7:49  Bunker  
  75  8:02  Barracks Tech Lab  
Tags
 
Add a new tag
Caveats
  • Supply blocks, unpowered buildings, or Contaminate may cause inaccurate times.
  • Supply counts are checked every 10 seconds.